| TOP OF THE 1ST |
|
West Palm Beach Expos batting - Pitching for Tampa Pirates : RHP Donald VanMarter
|
|
Pitching: RHP Donald VanMarter
|
|
|
Batting: RHB Roland Oruna
|
0-0: Ball 1-0: Foul Ball, location: 2F 1-1: Foul Ball, location: 2F 1-2: Ground out 4-3 (Groundball, 34, EV 82.5 MPH)
|
|
Batting: RHB Steve Kiefer
|
0-0: Ball 1-0: Called Strike 1-1: Foul Ball, location: 2F 1-2: Strikes out looking
|
|
Batting: SHB Terry Pendleton
|
0-0: Called Strike 0-1: Foul Ball, location: 2F 0-2: Ball 1-2: TRIPLE (Line Drive, 9LD, EV 110.0 MPH)
|
|
Batting: SHB Mark Pirruccello
|
0-0: Ball 1-0: Ball 2-0: Ball 3-0: Base on Balls
|
|
Batting: LHB Keith Hughes
|
0-0: SINGLE (Line Drive, 9S, EV 109.4 MPH) Terry Pendleton scores Mark Pirruccello to second Runner from 2nd tries for 3rd, SAFE, throw by RF made to third
|
|
Batting: LHB Jesus Alfes
|
0-0: Ball 1-0: Ball 2-0: Called Strike 2-1: Ball 3-1: Ground out 6-3 (Groundball, 6M, EV 102.5 MPH)
|
| Top of the 1st over - 1 run, 2 hits, 0 errors, 2 left on base; West Palm Beach 1 - Tampa 0 |
| BOTTOM OF THE 1ST |
|
Tampa Pirates batting - Pitching for West Palm Beach Expos : RHP Bob L Gibson
|
|
Pitching: RHP Bob L Gibson
|
|
|
Batting: SHB Craig Smajstrla
|
0-0: Ball 1-0: Called Strike 1-1: Ball 2-1: Foul Ball, location: 2F 2-2: SINGLE (Groundball, 6MS, EV 65.6 MPH) (infield hit)
|
|
Batting: LHB David Frederick
|
0-0: Ball Craig Smajstrla is caught stealing 2nd base 2-6 1-0: SOLO HOME RUN (Flyball, 9D, EV 105.6 MPH), Distance : 379 ft
|
|
Batting: LHB Pedro Nunez
|
0-0: Swinging Strike 0-1: Foul Ball, location: 2F 0-2: Ball 1-2: Ball 2-2: Fly out, F8 (Flyball, 78M, EV 88.8 MPH)
|
|
Batting: RHB Gregory Norman
|
0-0: Ball 1-0: Called Strike 1-1: Ball 2-1: Swinging Strike 2-2: Foul Ball, location: 2F 2-2: Ball 3-2: Base on Balls
|
|
Batting: LHB Alfredo Rodriguez
|
0-0: Foul Ball, location: 2F 0-1: Ground out 4-3 (Groundball, 4, EV 88.8 MPH)
|
| Bottom of the 1st over - 1 run, 2 hits, 0 errors, 1 left on base; West Palm Beach 1 - Tampa 1 |
| TOP OF THE 2ND |
|
West Palm Beach Expos batting - Pitching for Tampa Pirates : RHP Donald VanMarter
|
|
Batting: RHB Matthew Gundelfinger
|
0-0: Swinging Strike 0-1: Swinging Strike 0-2: Ball 1-2: Strikes out swinging
|
|
Batting: RHB Humberto Cardenas
|
0-0: Ball 1-0: Called Strike 1-1: Ball 2-1: Ball 3-1: Foul Ball, location: 2F 3-2: Fly out, F7 (Line Drive, 7, EV 105.6 MPH)
|
|
Batting: RHB Pat Adams
|
0-0: Ball 1-0: Foul Ball, location: 2F 1-1: Swinging Strike 1-2: Ball 2-2: Ball 3-2: Fly out, F9 (Flyball, 9D, EV 90.0 MPH)
|
| Top of the 2nd over - 0 runs, 0 hits, 0 errors, 0 left on base; West Palm Beach 1 - Tampa 1 |
| BOTTOM OF THE 2ND |
|
Tampa Pirates batting - Pitching for West Palm Beach Expos : RHP Bob L Gibson
|
|
Batting: RHB Jason Porter
|
0-0: Fly out, F6 (Line Drive, 6, EV 65.0 MPH)
|
|
Batting: RHB Erwin Bryant
|
0-0: Ball 1-0: Called Strike 1-1: Fly out, F7 (Flyball, 7, EV 80.6 MPH)
|
|
Batting: RHB Steven Young
|
0-0: Called Strike 0-1: Ball 1-1: Swinging Strike 1-2: Ball 2-2: Ground out 3-1 (Groundball, 34S, EV 69.4 MPH)
|
| Bottom of the 2nd over - 0 runs, 0 hits, 0 errors, 0 left on base; West Palm Beach 1 - Tampa 1 |
| TOP OF THE 3RD |
|
West Palm Beach Expos batting - Pitching for Tampa Pirates : RHP Donald VanMarter
|
|
Batting: RHB Roland Oruna
|
0-0: Ball 1-0: Swinging Strike 1-1: Foul Ball, location: 2F 1-2: Foul Ball, location: 2F 1-2: Foul Ball, location: 2F 1-2: Ball 2-2: Ball 3-2: Base on Balls
|
|
Batting: RHB Steve Kiefer
|
0-0: Called Strike 0-1: Ball 1-1: Foul Ball, location: 2F 1-2: Fielders Choice at 2nd, 6-4 (Groundball, 6, EV 103.8 MPH)
|
|
Batting: SHB Terry Pendleton
|
0-0: Swinging Strike 0-1: 2-RUN HOME RUN (Flyball, 9D, EV 106.3 MPH), Distance : 393 ft
|
|
Batting: SHB Mark Pirruccello
|
0-0: Ball 1-0: TRIPLE (Flyball, 7D, EV 88.8 MPH)
|
|
Batting: LHB Keith Hughes
|
0-0: Ball 1-0: Foul Ball, location: 2F 1-1: Called Strike 1-2: Ball 2-2: Strikes out swinging
|
|
Batting: LHB Jesus Alfes
|
0-0: SINGLE (Groundball, 56D, EV 96.3 MPH) Mark Pirruccello scores
|
|
Batting: RHB Matthew Gundelfinger
|
0-0: Ball 1-0: Ball 2-0: Foul Ball, location: 2F 2-1: Ball 3-1: Foul Ball, location: 2F 3-2: Fly out, F4 (Line Drive, 4, EV 71.3 MPH)
|
| Top of the 3rd over - 3 runs, 3 hits, 0 errors, 1 left on base; West Palm Beach 4 - Tampa 1 |
| BOTTOM OF THE 3RD |
|
Tampa Pirates batting - Pitching for West Palm Beach Expos : RHP Bob L Gibson
|
|
Batting: RHB Roy Dixon
|
0-0: Swinging Strike 0-1: Foul Ball, location: 2F 0-2: Ball 1-2: Ball 2-2: Foul Ball, location: 2F 2-2: Strikes out swinging
|
|
Batting: SHB Craig Smajstrla
|
0-0: Ball 1-0: Ball 2-0: Ball 3-0: Called Strike 3-1: SINGLE (Line Drive, 56D, EV 97.5 MPH)
|
|
Batting: LHB David Frederick
|
0-0: Ball 1-0: Ball 2-0: Ball 3-0: Base on Balls Craig Smajstrla to second
|
|
Batting: LHB Pedro Nunez
|
0-0: Foul Ball, location: 2F 0-1: Ball 1-1: Ball 2-1: SINGLE (Line Drive, 8RS, EV 100.0 MPH) Craig Smajstrla to third David Frederick to second
|
|
Batting: RHB Gregory Norman
|
0-0: Called Strike 0-1: Ball 1-1: Ball 2-1: Foul Ball, location: 2F 2-2: Foul Ball, location: 2F 2-2: Ball 3-2: Fly out, F9 (Flyball, 9LS, EV 76.3 MPH)
|
|
Batting: LHB Alfredo Rodriguez
|
0-0: Ball 1-0: Ball 2-0: Called Strike 2-1: Foul Ball, location: 2F 2-2: Ball 3-2: Ground out 6-3 (Groundball, 6MS, EV 85.6 MPH)
|
| Bottom of the 3rd over - 0 runs, 2 hits, 0 errors, 3 left on base; West Palm Beach 4 - Tampa 1 |
| TOP OF THE 4TH |
|
West Palm Beach Expos batting - Pitching for Tampa Pirates : RHP Donald VanMarter
|
|
Batting: RHB Humberto Cardenas
|
0-0: Called Strike 0-1: Ball 1-1: Called Strike 1-2: Ball 2-2: Foul Ball, location: 2F 2-2: Strikes out swinging
|
|
Batting: RHB Pat Adams
|
0-0: Ball 1-0: Ball 2-0: Foul Ball, location: 2F 2-1: Ground out 6-3 (Groundball, 6, EV 103.1 MPH)
|
|
Batting: RHB Roland Oruna
|
0-0: Ball 1-0: Ball 2-0: Foul Ball, location: 2F 2-1: SOLO HOME RUN (Flyball, 78XD, EV 91.3 MPH), Distance : 407 ft
|
|
Batting: RHB Steve Kiefer
|
0-0: Ball 1-0: Swinging Strike 1-1: Ball 2-1: Foul Ball, location: 2F 2-2: Ball 3-2: Foul Ball, location: 2F 3-2: Fly out, F6 (Popup, 6MS, EV 71.9 MPH)
|
| Top of the 4th over - 1 run, 1 hit, 0 errors, 0 left on base; West Palm Beach 5 - Tampa 1 |
| BOTTOM OF THE 4TH |
|
Tampa Pirates batting - Pitching for West Palm Beach Expos : RHP Bob L Gibson
|
|
Batting: RHB Jason Porter
|
0-0: Swinging Strike 0-1: Called Strike 0-2: Ball 1-2: Ball 2-2: Fly out, F7 (Flyball, 78D, EV 91.3 MPH)
|
|
Batting: RHB Erwin Bryant
|
0-0: Called Strike 0-1: Ground out 6-3 (Groundball, 6M, EV 80.6 MPH)
|
|
Batting: RHB Steven Young
|
0-0: Ball 1-0: Ball 2-0: Ball 3-0: Base on Balls
|
|
Batting: RHB Roy Dixon
|
0-0: Called Strike 0-1: Fly out, F8 (Line Drive, 8RM, EV 94.4 MPH)
|
| Bottom of the 4th over - 0 runs, 0 hits, 0 errors, 1 left on base; West Palm Beach 5 - Tampa 1 |
| TOP OF THE 5TH |
|
West Palm Beach Expos batting - Pitching for Tampa Pirates : RHP Donald VanMarter
|
|
Batting: SHB Terry Pendleton
|
0-0: DOUBLE (Flyball, 8RXD, EV 96.3 MPH)
|
|
Batting: SHB Mark Pirruccello
|
0-0: Ball 1-0: Called Strike 1-1: Foul Ball, location: 2F 1-2: Foul Ball, location: 2F 1-2: Ball 2-2: Foul Ball, location: 2F 2-2: Foul Ball, location: 2F 2-2: Ball 3-2: Strikes out swinging
|
|
Batting: LHB Keith Hughes
|
0-0: Ground out 2-3 (Groundball, 15S, EV 73.8 MPH) Terry Pendleton to third
|
|
Batting: LHB Jesus Alfes
|
0-0: Fly out, F4 (Line Drive, 4, EV 75.0 MPH)
|
| Top of the 5th over - 0 runs, 1 hit, 0 errors, 1 left on base; West Palm Beach 5 - Tampa 1 |
| BOTTOM OF THE 5TH |
|
Tampa Pirates batting - Pitching for West Palm Beach Expos : RHP Bob L Gibson
|
|
Batting: SHB Craig Smajstrla
|
0-0: Fly out, F7 (Flyball, 7LM, EV 85.6 MPH)
|
|
Batting: LHB David Frederick
|
0-0: Ball 1-0: Swinging Strike 1-1: Ball 2-1: Swinging Strike 2-2: Foul Ball, location: 2F 2-2: Strikes out looking
|
|
Batting: LHB Pedro Nunez
|
0-0: Swinging Strike 0-1: Foul Ball, location: 2F 0-2: Ball 1-2: SINGLE (Groundball, 34D, EV 96.9 MPH)
|
|
Batting: RHB Gregory Norman
|
Pickoff Throw to First - Out! 1-3
|
| Bottom of the 5th over - 0 runs, 1 hit, 0 errors, 0 left on base; West Palm Beach 5 - Tampa 1 |
| TOP OF THE 6TH |
|
West Palm Beach Expos batting - Pitching for Tampa Pirates : RHP Donald VanMarter
|
|
Batting: RHB Matthew Gundelfinger
|
0-0: Called Strike 0-1: SINGLE (Line Drive, 8RS, EV 98.1 MPH)
|
|
Batting: RHB Humberto Cardenas
|
0-0: Sac Bunt to 15S - play at first, batter safe! Matthew Gundelfinger to second
|
|
Batting: RHB Pat Adams
|
0-0: Called Strike 0-1: Fielders Choice at 2nd, 1-4 (Groundball, P, EV 74.4 MPH) Matthew Gundelfinger to third
|
|
Batting: RHB Roland Oruna
|
0-0: Ball Pat Adams is caught stealing 2nd base 2-4 1-0: DOUBLE (Groundball, 5L, EV 106.9 MPH) Matthew Gundelfinger scores
|
|
Batting: RHB Steve Kiefer
|
0-0: Swinging Strike 0-1: Ball 1-1: Ball 2-1: 2-RUN HOME RUN (Flyball, 7LD, EV 95.0 MPH), Distance : 365 ft
|
|
Pitching: LHP George Persandi
|
|
|
Batting: SHB Terry Pendleton
|
0-0: Foul Ball, location: 2F 0-1: Ground out 6-3 (Groundball, 56, EV 100.6 MPH)
|
| Top of the 6th over - 3 runs, 4 hits, 0 errors, 0 left on base; West Palm Beach 8 - Tampa 1 |
| BOTTOM OF THE 6TH |
|
Tampa Pirates batting - Pitching for West Palm Beach Expos : RHP Bob L Gibson
|
|
Batting: RHB Gregory Norman
|
0-0: Called Strike 0-1: Ball 1-1: Ball 2-1: Fly out, F8 (Line Drive, 8LM, EV 98.8 MPH)
|
|
Batting: LHB Alfredo Rodriguez
|
0-0: Ball 1-0: Ground out 4-3 (Groundball, 4S, EV 80.6 MPH)
|
|
Batting: RHB Jason Porter
|
0-0: Called Strike 0-1: Ball 1-1: Foul Ball, location: 2F 1-2: Foul Ball, location: 2F 1-2: Foul Ball, location: 2F 1-2: Foul Ball, location: 2F 1-2: Foul Ball, location: 2F 1-2: Strikes out looking
|
| Bottom of the 6th over - 0 runs, 0 hits, 0 errors, 0 left on base; West Palm Beach 8 - Tampa 1 |
| TOP OF THE 7TH |
|
West Palm Beach Expos batting - Pitching for Tampa Pirates : LHP George Persandi
|
|
Batting: SHB Mark Pirruccello
|
0-0: Ball 1-0: Ball 2-0: Ground out U3 (Groundball, 34S, EV 87.5 MPH)
|
|
Pinch Hitting: RHB Kelly Smith
|
0-0: Ground out 5-3 (Groundball, 56S, EV 69.4 MPH)
|
|
Batting: LHB Jesus Alfes
|
0-0: Ball 1-0: Reached on error, E6 (Groundball, 6, EV 76.3 MPH)
|
|
Batting: RHB Matthew Gundelfinger
|
0-0: Ball 1-0: Ball 2-0: Called Strike 2-1: Foul Ball, location: 2F 2-2: Ball 3-2: Base on Balls Jesus Alfes to second
|
|
Batting: RHB Humberto Cardenas
|
0-0: Called Strike 0-1: Ball 1-1: Foul Ball, location: 2F 1-2: Foul Ball, location: 2F 1-2: Fly out, F8 (Flyball, 89D, EV 97.5 MPH)
|
| Top of the 7th over - 0 runs, 0 hits, 1 error, 2 left on base; West Palm Beach 8 - Tampa 1 |
| BOTTOM OF THE 7TH |
|
Tampa Pirates batting - Pitching for West Palm Beach Expos : RHP Bob L Gibson
|
|
Now in RF: Kelly Smith
|
|
|
Batting: RHB Erwin Bryant
|
0-0: Called Strike 0-1: Called Strike 0-2: Fly out, F6 (Line Drive, 6, EV 70.6 MPH)
|
|
Batting: RHB Steven Young
|
0-0: Ball 1-0: Ball 2-0: Ball 3-0: Base on Balls
|
|
Batting: RHB Roy Dixon
|
0-0: Called Strike 0-1: Swinging Strike 0-2: Strikes out swinging
|
|
Pinch Hitting: LHB Charles Rouse
|
0-0: Ball 1-0: Called Strike 1-1: Ball 2-1: Fly out, F9 (Line Drive, 9, EV 105.0 MPH)
|
| Bottom of the 7th over - 0 runs, 0 hits, 0 errors, 1 left on base; West Palm Beach 8 - Tampa 1 |
| TOP OF THE 8TH |
|
West Palm Beach Expos batting - Pitching for Tampa Pirates : LHP George Persandi
|
|
Now at 2B: Charles Rouse
|
|
|
Batting: RHB Pat Adams
|
0-0: Called Strike 0-1: Ball 1-1: Foul Ball, location: 2F 1-2: Ball 2-2: Reached on error, E4 (Groundball, 4, EV 106.3 MPH)
|
|
Batting: RHB Roland Oruna
|
0-0: Called Strike 0-1: Ball 1-1: Ball 2-1: Ground out 4-3 (Groundball, 34D, EV 101.3 MPH) Pat Adams to second
|
|
Pinch Hitting: RHB Melvin Freeman
|
0-0: Ball 1-0: Swinging Strike 1-1: Ball 2-1: Foul Ball, location: 2F 2-2: Ball 3-2: Base on Balls
|
|
Pinch Hitting: RHB Efreen Cardenas
|
0-0: Called Strike 0-1: Ball 1-1: Fly out, F8 (Flyball, 78D, EV 107.5 MPH)
|
|
Batting: SHB Mark Pirruccello
|
0-0: Ball 1-0: Called Strike 1-1: Swinging Strike 1-2: Strikes out swinging
|
| Top of the 8th over - 0 runs, 0 hits, 1 error, 2 left on base; West Palm Beach 8 - Tampa 1 |
| BOTTOM OF THE 8TH |
|
Tampa Pirates batting - Pitching for West Palm Beach Expos : RHP Bob L Gibson
|
|
Pitching: RHP Larry Freeburg
|
|
|
Now at 2B: Efreen Cardenas
|
|
|
Now at 3B: Melvin Freeman
|
|
|
Pinch Hitting: RHB Jeffrey Narleski
|
0-0: Ball 1-0: Ball 2-0: Foul Ball, location: 2F 2-1: Swinging Strike 2-2: Strikes out swinging
|
|
Pinch Hitting: SHB Edward Engstler
|
0-0: Ball 1-0: Foul Ball, location: 2F 1-1: Foul Ball, location: 2F 1-2: Ball 2-2: Ball 3-2: Foul Ball, location: 2F 3-2: Foul Ball, location: 2F 3-2: Foul Ball, location: 2F 3-2: Base on Balls
|
|
Batting: RHB Gregory Norman
|
0-0: Ball 1-0: Called Strike 1-1: Ball 2-1: Ball 3-1: Base on Balls Edward Engstler to second
|
|
Batting: LHB Alfredo Rodriguez
|
0-0: Ball 1-0: Ball 2-0: Foul Ball, location: 2F 2-1: Foul Ball, location: 2F 2-2: Strikes out swinging
|
|
Batting: RHB Jason Porter
|
0-0: Swinging Strike 0-1: Ball 1-1: Fly out, F8 (Flyball, 89D, EV 84.4 MPH)
|
| Bottom of the 8th over - 0 runs, 0 hits, 0 errors, 2 left on base; West Palm Beach 8 - Tampa 1 |
| TOP OF THE 9TH |
|
West Palm Beach Expos batting - Pitching for Tampa Pirates : LHP George Persandi
|
|
Pitching: LHP Christopher Lombardo
|
|
|
Now in LF: Edward Engstler
|
|
|
Now in RF: Jeffrey Narleski
|
|
|
Batting: RHB Kelly Smith
|
0-0: SINGLE (Groundball, 6S, EV 71.9 MPH) (infield hit)
|
|
Batting: LHB Jesus Alfes
|
0-0: Ball 1-0: Foul Ball, location: 2F 1-1: Fly out, F9 (Flyball, 89D, EV 93.8 MPH)
|
|
Batting: RHB Matthew Gundelfinger
|
0-0: Ball 1-0: Ball Kelly Smith steals 2nd base 2-0: DOUBLE (Line Drive, 9LM, EV 94.4 MPH) Kelly Smith scores
|
|
Batting: RHB Humberto Cardenas
|
0-0: Ball Wild Pitch! Matthew Gundelfinger to third 1-0: Ball Wild Pitch! Matthew Gundelfinger scores 2-0: Foul Ball, location: 2F 2-1: Fly out, F9 (Flyball, 9LM, EV 78.8 MPH)
|
|
Batting: RHB Pat Adams
|
0-0: Ball 1-0: Swinging Strike 1-1: Ball 2-1: Ball 3-1: Ground out 4-3 (Groundball, 4, EV 111.3 MPH)
|
| Top of the 9th over - 2 runs, 2 hits, 0 errors, 0 left on base; West Palm Beach 10 - Tampa 1 |
| BOTTOM OF THE 9TH |
|
Tampa Pirates batting - Pitching for West Palm Beach Expos : RHP Larry Freeburg
|
|
Pinch Hitting: RHB William Gaffney
|
0-0: Fly out, F6 (Popup, 6M, EV 75.6 MPH)
|
|
Batting: RHB Steven Young
|
0-0: Ball 1-0: Called Strike 1-1: Foul Ball, location: 2F 1-2: Foul Ball, location: 2F 1-2: Ground out 4-3 (Groundball, 4, EV 81.3 MPH)
|
|
Batting: RHB Roy Dixon
|
0-0: Called Strike 0-1: Ball 1-1: Ball 2-1: Foul Ball, location: 2F 2-2: Ball 3-2: Foul Ball, location: 2F 3-2: Foul Ball, location: 2F 3-2: Foul Ball, location: 2F 3-2: SINGLE (Flyball, 56D, EV 86.3 MPH)
|
|
Pinch Hitting: RHB Gregg Creten
|
0-0: Fielders Choice at 2nd, 6-4 (Groundball, 6, EV 89.4 MPH)
|
| Bottom of the 9th over - 0 runs, 1 hit, 0 errors, 1 left on base; West Palm Beach 10 - Tampa 1 |
|